 Dungeon Crawl Stone Soup version 0.26-a0-284-g73c0fb6 (webtiles) character file.

Game seed: 4175009196030431446

10819 Balder the Cleaver (level 11, -10/97 HPs)
             Began as a Grey Draconian Berserker on July 9, 2020.
             Was an Elder of Trog.
             Mangled by a skeletal warrior
             ... wielding a +0 battleaxe
             ... led by a skeletal warrior
              (17 damage)
             ... on level 11 of the Dungeon on July 13, 2020.
             The game lasted 00:44:34 (9878 turns).

Balder the Cleaver (Grey Draconian Berserker)       Turns: 9878, Time: 00:44:35

Health: -10/97     AC: 24    Str: 21    XL:     11   Next: 41%
Magic:  0/11       EV: 16    Int:  8    God:    Trog [****..]
Gold:   613        SH:  0    Dex: 12    Spells: 10/10 levels left

rFire    . . .     SeeInvis .   a - +0 war axe
rCold    . . .     Faith    .   (no shield)
rNeg     . . .     Spirit   +   (armour unavailable)
rPois    .         Reflect  .   (helmet restricted)
rElec    .         Harm     .   G - +1 cloak
rCorr    .                      c - +0 pair of gloves
MR       .....                  f - +0 pair of boots
Stlth    ++........             x - amulet of guardian spirit
HPRegen  0.26/turn              C - +4 ring of protection
MPRegen  0.12/turn              z - +4 ring of protection

@: lightly drained
A: walk through water, unfitting armour, unbreathing, cold-blooded, AC +12
a: Berserk, Trog's Hand, Brothers in Arms, Renounce Religion


You were on level 11 of the Dungeon.
You worshipped Trog.
Trog was greatly pleased with you.
You visited 1 branch of the dungeon, and saw 11 of its levels.

You collected 758 gold pieces.
You spent 145 gold pieces at shops.

Inventory:

Hand Weapons
 a - a +0 war axe (weapon)
 b - a +0 longbow
 E - a +0 flail of venom
Missiles
 e - 37 poisoned darts (quivered)
 q - 2 silver boomerangs
 J - 90 arrows
 P - 7 javelins
Armour
 c - a +0 pair of gloves (worn)
 f - a +0 pair of boots (worn)
 G - a +1 cloak (worn)
Jewellery
 l - an uncursed amulet of the acrobat
 n - an uncursed ring of see invisible
 w - an uncursed ring of flight
 x - an amulet of guardian spirit (around neck)
 z - a +4 ring of protection (right hand)
 C - a +4 ring of protection (left hand)
Wands
 i - a wand of polymorph (8)
 k - a wand of random effects (12)
 A - a wand of paralysis (17)
 D - a wand of disintegration (13)
 F - a wand of iceblast (9)
 L - a wand of flame (14)
Scrolls
 g - a scroll of blinking {unknown}
 h - 6 scrolls of teleportation
 j - a scroll of fog
 s - 3 scrolls of identify
 t - 4 scrolls of remove curse
 y - 2 scrolls of fear
 B - 3 scrolls of enchant weapon {unknown}
 H - a scroll of magic mapping {unknown}
 I - a scroll of acquirement {unknown}
 K - a scroll of random uselessness {unknown}
Potions
 d - a potion of resistance
 m - 2 potions of berserk rage {unknown}
 o - a potion of curing
 p - a potion of mutation {unknown}
 u - 3 potions of lignification {unknown}
 v - a potion of haste {unknown}
 N - 3 potions of stabbing
 O - 4 potions of might
Comestibles
 r - 4 removed foods


   Skills:
 * Level 9.0(8.9) Fighting
 * Level 12.4(12.3) Axes
 + Level 0.5(7.9) Maces & Flails
 * Level 5.0(4.9) Bows
 - Level 2.3(2.2) Throwing
 * Level 8.0(7.9) Dodging
 + Level 3.2(3.1) Stealth


You had 10 spell levels left.
You didn't know any spells.
Your spell library contained the following spells:

 Spells                   Type           Power        Failure   Level
 Animate Skeleton         Necr           #.....       41%         1
 Apportation              Tloc           #.....       41%         1
 Corona                   Hex            #......      41%         1
 Magic Dart               Conj           #...         41%         1
 Summon Small Mammal      Summ           #...         41%         1
 Blink                    Tloc           N/A          54%         2
 Call Imp                 Summ           #.......     54%         2
 Ensorcelled Hibernation  Hex/Ice        #.....       54%         2
 Slow                     Hex            #.......     54%         2
 Confusing Touch          Hex            #.......     78%         3
 Conjure Flame            Conj/Fire      #.......     78%         3
 Dazzling Flash           Conj/Hex       #.....       78%         3
 Gell's Gravitas          Tloc           #.........   78%         3
 Mephitic Cloud           Conj/Pois/Air  #.......     78%         3
 Tukima's Dance           Hex            #.......     78%         3
 Petrify                  Tmut/Erth      #.......     99%         4
 Metabolic Englaciation   Hex/Ice        #.........   100%        5
 Yara's Violent Unravell  Hex/Tmut       #.........   100%        5


Dungeon Overview and Level Annotations

Branches:
Dungeon (11/15)            Temple (0/1) D:6             Orc (0/2) D:10
   Lair: D:8-11

Altars:
Ashenzari
Gozag
Hepliaklqana
Kikubaaqudgha
Makhleb
Nemelex Xobeh
Ru
Uskayaw
Vehumet
Xom
The Shining One
Beogh

Shops:
D:4 *   D:5 (

Annotations:
D:9 3 runed translucent doors, Setbun's ghost, novice HaHu


Innate Abilities, Weirdness & Mutations

You can walk through water.
Your dull iron-grey scales are very hard. (AC +12)
You cannot fit into any form of body armour.
You can survive without breathing.
You are cold-blooded and may be slowed by cold attacks.


Message History

You completely miss the skeletal warrior.
Your tail-slap misses the skeletal warrior.
You barely miss the skeletal warrior. You closely miss the skeletal warrior.
The skeletal warrior hits you with a +1 dire flail of pain!
You writhe in agony.
* * * LOW HITPOINT WARNING * * *
The skeletal warrior hits you but does no damage.
The skeletal warrior closely misses you.
The skeletal warrior hits you with a +1 dire flail of pain.
* * * LOW HITPOINT WARNING * * *
You writhe in agony.
* * * LOW HITPOINT WARNING * * *
The skeletal warrior hits you with a +1 dire flail of pain!
* * * LOW HITPOINT WARNING * * *
You writhe in agony.
* * * LOW HITPOINT WARNING * * *
There is an open door, spattered with blood here.
You fail to use your ability.
The skeletal warrior hits you with a +0 battleaxe!!
You die...

#..##########
#........#.........
#........#.........
#........#.........
#........#.........
#........#.........
#........#.........
#........#z........
#.......@zz........
#........#.........
#........#########.
#.......##
#.......# #.......#
#.......#
#.......##########
#......).........#


You could see 3 skeletal warriors.

Vanquished Creatures
  A hydra (D:11)
  A two-headed ogre (D:9)
  Nergalle (D:11)
  An unseen horror (D:10)
  Pikel (D:6)
  2 cyclopes (D:11)
  A centaur zombie (D:10)
  A troll (D:10)
  3 hippogriffs
  Sigmund (D:3)
  A wraith (D:10)
  A wyvern (D:11)
  15 yaks
  A black bear (D:6)
  An orc warrior (D:10)
  An eye of draining (D:10)
  2 ice beasts
  3 phantoms
  2 ogres
  4 centaurs
  Blork the orc (D:4)
  4 bullfrogs
  2 big kobolds
  A scorpion (D:6)
  10 killer bees (D:10)
  4 wights (D:10)
  2 howler monkeys
  2 bullfrog zombies
  2 hounds
  2 jellies
  2 centaur skeletons
  3 orc wizards
  2 bullfrog skeletons
  3 orc priests
  Jessica (D:3)
  2 iguanas
  Natasha (thrice) (D:2)
  5 worker ants
  3 gnolls (D:10)
  20 adders
  A shadow imp (D:7)
  6 ufetubi
  2 oozes
  An adder skeleton (D:8)
  An adder zombie (D:4)
  3 worms
  3 dart slugs
  11 leopard geckos
  31 orcs
  A ball python (D:1)
  7 giant cockroaches
  5 goblins
  7 hobgoblins
  23 jackals
  3 quokkas
  9 bats
  6 frilled lizards
  A giant cockroach zombie (D:6)
  15 kobolds
  4 rats
258 creatures vanquished.

Notes
Turn   | Place    | Note
-------+----------+-------------------------------------------
     0 | D:1      | Balder the Draconian Berserker began the quest for the Orb.
     0 | D:1      | Reached XP level 1. HP: 19/19 MP: 1/1
   226 | D:1      | Reached XP level 2. HP: 26/26 MP: 2/2
   944 | D:2      | Reached XP level 3. HP: 25/33 MP: 3/3
  1203 | D:2      | Upgraded the game from 0.26-a0-249-g7253cd1 to
                  | 0.26-a0-274-g7ed2249
  1225 | D:2      | Reached ** piety under Trog
  1473 | D:2      | Reached skill level 4 in Axes
  1473 | D:2      | Reached XP level 4. HP: 40/40 MP: 4/4
  1673 | D:2      | Found a radiant altar of Vehumet.
  1818 | D:2      | Noticed Natasha
  1833 | D:2      | Killed Natasha
  1871 | D:2      | Noticed Natasha
  1891 | D:2      | Killed Natasha
  1891 | D:2      | Reached XP level 5. HP: 26/46 MP: 5/5
  2226 | D:2      | Noticed Natasha
  2236 | D:2      | Killed Natasha
  2459 | D:3      | Noticed Jessica
  2473 | D:3      | Killed Jessica
  2917 | D:3      | Reached skill level 5 in Axes
  2966 | D:3      | Reached XP level 6. HP: 47/52 MP: 6/6
  3168 | D:3      | Noticed Sigmund
  3175 | D:3      | Killed Sigmund
  3373 | D:4      | Reached skill level 1 in Stealth
  3580 | D:4      | Noticed Blork the orc
  3592 | D:4      | Killed Blork the orc
  3592 | D:4      | Reached skill level 6 in Axes
  3592 | D:4      | Your scales start taking on a dull iron-grey colour.
  3592 | D:4      | Reached XP level 7. HP: 49/60 MP: 7/7
  3592 | D:4      | Gained mutation: You can survive without breathing. [Grey
                  | Draconian growth]
  3622 | D:4      | Found Sawydasch's Assorted Antiques.
  3648 | D:4      | Bought a dented steel amulet for 145 gold pieces
  3673 | D:4      | Found a roughly hewn altar of Beogh.
  3853 | D:4      | Found a glowing golden altar of the Shining One.
  3853 | D:4      | Found an opulent altar of Gozag.
  4144 | D:5      | Entered Level 5 of the Dungeon
  4212 | D:5      | Found a shattered altar of Ashenzari.
  4251 | D:5      | Found Ynukla's Antique Weapon Shop.
  4365 | D:5      | Reached *** piety under Trog
  4369 | D:5      | Reached skill level 1 in Throwing
  4398 | D:5      | Found a sparkling altar of Nemelex Xobeh.
  4432 | D:5      | Reached skill level 7 in Axes
  4479 | D:5      | Found a sacrificial altar of Ru.
  4636 | D:5      | Found a burning altar of Makhleb.
  4752 | D:5      | Found a hazy altar of Hepliaklqana.
  5055 | D:6      | Noticed Pikel
  5079 | D:6      | Killed Pikel
  5079 | D:6      | Reached skill level 5 in Fighting
  5079 | D:6      | Reached skill level 8 in Axes
  5079 | D:6      | Reached skill level 5 in Dodging
  5079 | D:6      | Reached XP level 8. HP: 69/69 MP: 8/8
  5341 | D:6      | Found a staircase to the Ecumenical Temple.
  5595 | D:6      | Reached skill level 9 in Axes
  5800 | D:6      | Found a hide-covered altar of Uskayaw.
  5921 | D:6      | Reached skill level 1 in Bows
  6025 | D:7      | Reached XP level 9. HP: 59/75 MP: 9/9
  7129 | D:8      | Found a shimmering altar of Xom.
  7129 | D:8      | Found a shimmering altar of Xom.
  7129 | D:8      | Found a shimmering altar of Xom.
  7135 | D:8      | Found a shimmering altar of Xom.
  7339 | D:8      | Reached **** piety under Trog
  7358 | D:8      | Noticed a death yak
  7363 | D:8      | Noticed a death yak
  7374 | D:8      | Noticed a death yak
  7510 | D:9      | Noticed Setbun's ghost (novice HaHu)
  7533 | D:9      | Found a runed translucent gate.
  7533 | D:9      | Found a runed translucent gate.
  7533 | D:9      | Found a runed translucent gate.
  7609 | D:9      | Found an ancient bone altar of Kikubaaqudgha.
  7667 | D:9      | Noticed a two-headed ogre
  7676 | D:9      | Killed a two-headed ogre
  7677 | D:9      | Reached skill level 10 in Axes
  7898 | D:10     | Entered Level 10 of the Dungeon
  7926 | D:10     | Reached XP level 10. HP: 86/86 MP: 10/10
  8027 | D:10     | Found a staircase to the Orcish Mines.
  8054 | D:10     | Noticed an unseen horror
  8060 | D:10     | Killed an unseen horror
  8067 | D:10     | Upgraded the game from 0.26-a0-274-g7ed2249 to
                  | 0.26-a0-284-g73c0fb6
  8140 | D:10     | Reached skill level 11 in Axes
  9381 | D:11     | Noticed a cyclops
  9394 | D:11     | Killed a cyclops
  9394 | D:11     | Reached XP level 11. HP: 91/95 MP: 11/11
  9485 | D:11     | Reached skill level 12 in Axes
  9660 | D:11     | Reached ***** piety under Trog
  9770 | D:11     | Noticed a five-headed hydra
  9783 | D:11     | Killed a five-headed hydra
  9783 | D:11     | Reached skill level 5 in Bows
  9789 | D:11     | Noticed Nergalle
  9812 | D:11     | Killed Nergalle
  9865 | D:11     | Noticed a skeletal warrior
  9865 | D:11     | Noticed a skeletal warrior
  9865 | D:11     | Noticed a skeletal warrior
  9878 | D:11     | Mangled by a skeletal warrior

Illustrated notes

Levels and vault maps discovered:
D:1:      mainiacjoe_arrival_reflecting_pool, layout_loops_ring
D:2:      layout_basic, fiery_altar_vehumet, first_ration, uniq_natasha
D:3:      layout_loops_corners, uniq_jessica, uniq_sigmund
D:4:      layout_loops_ring, gammafunk_temple_overflow_elements, serial_shops,
          shop, kennysheep_orc_chapel, uniq_blork_the_orc
D:5:      layout_loops_ring, lemuel_coloured_pillars_altar, bloody_makhleb,
          ashenzari_altar_1, nicolae_ru_sacrificial_ziggurat,
          nemelex_xobeh_ov_fountains_minmay, portal_sewer_entry_d, serial_shops,
          nicolae_shop_temple_entry_statues_fountains
D:6:      layout_basic, lemuel_doored_altar, minmay_temple_entry_gardened_gates,
          kennysheep_generic_room_2, uniq_pikel
D:7:      layout_basic, minmay_misc_feat_secret_circle
D:8:      layout_basic, marbit_many_paths, dpeg_lair_monsters,
          roderic_roman_lattice, xom_shifter_show
D:9:      layout_long_grid, lemuel_round_altar, gammafunk_ghost_icy,
          kennysheep_generic_room_6
D:10:     layout_basic, david_orc_2
D:11:     layout_stronghold, enter_trove_5, uniq_nergalle

Skill      XL: |  1  2  3  4  5  6  7  8  9 10 11 |
---------------+----------------------------------+-----
Dodging        | 3 4 5 6 7 8 |  8.0
Axes           | 4 5 6 8 9 10 11 12 | 12.4
Fighting       | 4 5 7 8 9 |  9.0
Stealth        | 1 2 3 |  3.2
Throwing       | 2 |  2.3
Bows           | 1 2 4 5 |  5.0
Maces & Flails | |  0.5

Action                   |  1- 3 |  4- 6 |  7- 9 | 10-12 || total
-------------------------+-------+-------+-------+-------++-------
Melee: Hand axe          |   102 |   162 |       |       ||   264
       Tailslap          |    11 |    33 |    38 |    60 ||   142
       War axe           |       |    34 |   339 |   299 ||   672
       Flail             |       |       |       |     7 ||     7
 Fire: Longbow           |       |       |    16 |    42 ||    58
Throw: Dart              |     3 |     3 |     6 |    27 ||    39
Invok: Berserk           |       |     4 |     3 |     1 ||     8
       Trog's Hand       |       |     4 |     6 |     5 ||    15
  Use: Scroll            |       |     2 |     5 |       ||     7
       Potion            |       |       |     2 |       ||     2
 Stab: Sleeping          |     1 |       |     4 |     1 ||     6
  Eat: Removed food      |     1 |       |       |       ||     1
Armor: Skin              |    46 |    61 |   185 |   154 ||   446
Dodge: Dodged            |    81 |   137 |   293 |   264 ||   775

Table legend:
 A = Non-vault XP
 B = Vault XP
 C = Vault XP percentage of total XP
 D = Non-vault monster count
 E = Vault monster count
 F = Vault count percentage of total count
                 A         B        C        D         E       F
            +---------+---------+-------+---------+---------+-------
      Total |   13232 |    2225 |  14.4 |     240 |      18 |   7.0
            +---------+---------+-------+---------+---------+-------
        D:1 |      30 |       0 |   0.0 |      17 |       0 |   0.0
        D:2 |     200 |      35 |  14.9 |      28 |       1 |   3.4
        D:3 |      89 |     264 |  74.8 |      27 |       2 |   6.9
        D:4 |     161 |     215 |  57.2 |      12 |       4 |  25.0
        D:5 |     360 |      13 |   3.5 |      21 |       1 |   4.5
        D:6 |     613 |     746 |  54.9 |      20 |       3 |  13.0
        D:7 |     576 |       0 |   0.0 |      25 |       0 |   0.0
        D:8 |     324 |       0 |   0.0 |       9 |       0 |   0.0
        D:9 |    1330 |       0 |   0.0 |      12 |       0 |   0.0
       D:10 |    5611 |     140 |   2.4 |      46 |       6 |  11.5
       D:11 |    3938 |     812 |  17.1 |      23 |       1 |   4.2
            +---------+---------+-------+---------+---------+-------
